 Dungeon Crawl Stone Soup version 0.14-a0-2542-g51e44bb (webtiles) character file.

242 Kae the Firebug (level 5, -1/28 HPs)
             Began as a Tengu Fire Elementalist on Feb 10, 2014.
             Slain by an orc
             ... wielding a +0,+1 orcish flail
              (7 damage)
             ... on Level 3 of the Dungeon.
             The game lasted 00:02:47 (3078 turns).

Kae the Firebug (Tengu Fire Elementalist)           Turns: 3078, Time: 00:02:47

HP  -1/28        AC  2     Str  8      XL: 5   Next: 40%
MP   0/11        EV 12     Int 17      God:
Gold 83          SH  0     Dex 14      Spells:  3 memorised,  3 levels left

rFire  . . .     SeeInvis .     (no weapon)
rCold  . . .     Clarity  .     a - +0 robe
rNeg   . . .     Conserve .     (no shield)
rPois  .         rCorr    .     (helmet restricted)
rElec  .         rRot     .     (no cloak)
SustAb . .       Spirit   .     (no gloves)
rMut   .         Warding  .     (boots unavailable)
Saprov . . .     Stasis   .     (no amulet)
MR     .....                    (no ring)
                                (no ring)

@: not resistant to hostile enchantments, fairly stealthy
A: able to fly, beak, talons 3
a: Fly


You were on level 3 of the Dungeon.
You were hungry.

You visited 1 branch of the dungeon, and saw 3 of its levels.

You collected 83 gold pieces.

Inventory:

Armour
 a - a +0 robe (worn)
Comestibles
 c - 4 bread rations
 f - an apple
 q - a meat ration
Scrolls
 d - 2 scrolls of teleportation {unknown}
 g - 2 scrolls of remove curse {unknown}
 h - a scroll of magic mapping {unknown}
 j - 2 scrolls of curse jewellery {unknown}
 l - 3 scrolls of identify {unknown}
 m - 2 scrolls of immolation {unknown}
 s - a scroll of curse armour {unknown}
Jewellery
 e - an uncursed amulet of stasis {unknown}
 k - an uncursed amulet of rage {unknown}
Potions
 i - a potion of restore abilities {unknown}
 n - 3 potions of resistance {unknown}
 o - 2 potions of heal wounds {unknown}
 p - a potion of magic {unknown}
 t - a potion of berserk rage {unknown}
Books
 b - a book of Flames

   Spells                             Type                      Level
   *Flame Tongue                      Conjuration/Fire             1
   *Throw Flame                       Conjuration/Fire             2
   *Conjure Flame                     Conjuration/Fire             3
   Inner Flame                        Hexes/Fire                   3
   Sticky Flame                       Conjuration/Fire             4
   Fireball                           Conjuration/Fire             5


   Skills:
 - Level 2.1 Dodging
 - Level 2.0 Stealth
 + Level 2.5 Spellcasting
 * Level 4.6 Conjurations
 * Level 4.8 Fire Magic


You had 3 spell levels left.
You knew the following spells:

 Your Spells              Type           Power        Failure   Level  Hunger
a - Flame Tongue          Conj/Fire      ###..        2%          1    #......
b - Throw Flame           Conj/Fire      ###...       4%          2    ##.....
c - Conjure Flame         Conj/Fire      ###.....     10%         3    ###....


Dungeon Overview and Level Annotations

Branches:
Dungeon (3/16)

Altars:


Innate Abilities, Weirdness & Mutations

You can fly.
You have a beak for a mouth.
You have claws for feet.


Message History

The flame misses the orc.
Casting: Flame Tongue
Confirm with . or Enter, or press ? or * to list all spells.
You don't have enough magic to cast that spell.
Casting: Flame Tongue
Confirm with . or Enter, or press ? or * to list all spells.
You don't have enough magic to cast that spell.
The orc hits you with an orcish flail.
* * * LOW HITPOINT WARNING * * *
Casting: Flame Tongue
Confirm with . or Enter, or press ? or * to list all spells.
Aiming: Flame Tongue
Press: ? - help, Shift-Dir - straight line, f/p - orc
Aim: an orc, wielding an orcish flail and wearing an orcish chain mail The flame hits the orc.
The orc appears unharmed.
Casting: Flame Tongue
Confirm with . or Enter, or press ? or * to list all spells.
You don't have enough magic to cast that spell.
The orc hits you with an orcish flail!
You die...

#..................
#..................
#..................
#..................
#..................
##.................
######.................
#.....o................
#.....@.#..............
#.......##.............
######.####............
####.#######..#######
#..%....####..#####
#.................#
#.......####..##.##
#.......# #..# ..
#.......##....# ##


You could see an orc.

Vanquished Creatures
  An orc priest (D:3)
  6 adders
  A worm (D:3)
  A giant gecko (D:3)
  3 oozes
  5 orcs (D:3)
  A giant cockroach (D:2)
  5 hobgoblins
  11 kobolds
  A quokka (D:2)
  6 bats
  3 giant newts
  8 goblins
  4 jackals (D:3)
  8 rats
64 creatures vanquished.

Notes
Turn   | Place    | Note
--------------------------------------------------------------
     0 | D:1      | Kae, the Tengu Fire Elementalist, began the quest for the Orb.
     0 | D:1      | Reached XP level 1. HP: 10/10 MP: 3/3
   247 | D:1      | Reached XP level 2. HP: 13/15 MP: 3/5
   923 | D:2      | Reached XP level 3. HP: 13/19 MP: 4/7
  1320 | D:2      | Reached skill level 4 in Fire Magic
  1337 | D:2      | Reached XP level 4. HP: 3/24 MP: 0/8
  1960 | D:3      | Learned a level 2 spell: Throw Flame
  1964 | D:3      | Learned a level 3 spell: Conjure Flame
  2473 | D:3      | Reached XP level 5. HP: 15/28 MP: 0/11
  3078 | D:3      | Slain by an orc

Action                   |  1- 3 |  4- 6 || total
-------------------------+-------+-------++-------
Melee: Unarmed           |    24 |    20 ||    44
 Cast: Flame Tongue      |    53 |    65 ||   118
       Throw Flame       |       |     4 ||     4
 Stab: Sleeping          |     2 |     1 ||     3
       Distracted        |       |     1 ||     1
